 Dungeon Crawl Stone Soup version 0.31-a0-214-gb37851dbb3 (webtiles) character file.

Game seed: 15642462220037551398

6561 CowFu the Severer (level 11, -6/92 HPs)
             Began as a Hill Orc Fighter on July 2, 2023.
             Was a Believer of Dithmenos.
             Hit by a stone thrown by a gnoll sergeant (8 damage)
             ... on level 9 of the Dungeon.
             The game lasted 00:08:42 (8862 turns).

CowFu the Severer (Hill Orc Fighter)                Turns: 8862, Time: 00:08:43

Health: -6/92      AC:  6    Str: 24      XL:     11   Next: 1%
Magic:  14/16      EV:  6    Int:  8      God:    Dithmenos [**....]
Gold:   571        SH:  9    Dex:  9 (10) Spells: 10/10 levels left

rFire   . . .        a - +0 war axe (heavy)
rCold   . . .        v - +0 kite shield
rNeg    . . .        m - +0 plate armour
rPois   .            (no helmet)
rElec   .            f - +1 cloak
rCorr   .            u - +2 pair of gloves of the Snail {Slay+2}
SInv    .            (no boots)
Will    .....        (no amulet) Stlth
                     (no ring)
HPRegen 0.35/turn    (no ring)
MPRegen 0.15/turn

%: no passive effects
@: corroded, wreathed by umbra, studying Staves
A: no striking features
a: Renounce Religion, Shadow Step


You were on level 9 of the Dungeon.
You worshipped Dithmenos.
Dithmenos was pleased with you.
You visited 2 branches of the dungeon, and saw 10 of its levels.

You collected 607 gold pieces.
You spent 36 gold pieces at shops.

Inventory:

Hand Weapons
 a - a +0 heavy war axe (weapon)
 b - a +0 hand axe of flaming
Armour
 f - a +1 cloak (worn)
 m - a +0 plate armour (worn)
 u - the +2 pair of gloves of the Snail (worn) {Slay+2}
   (You acquired it on level 9 of the Dungeon)

   Slay:      It affects your accuracy & damage with ranged weapons and melee
   (+2).
 v - a +0 kite shield (worn)
Jewellery
 d - a ring of ice
 x - a ring of positive energy
Wands
 e - a wand of quicksilver (14)
 p - a wand of flame (10)
 z - a wand of charming (9)
Scrolls
 g - a scroll of vulnerability
 i - a scroll of poison
 o - a scroll of blinking
 r - 3 scrolls of fog
 B - 2 scrolls of teleportation
Potions
 c - a potion of brilliance
 h - 4 potions of cancellation
 j - a potion of haste
 k - 2 potions of mutation
 l - 3 potions of curing
 n - 4 potions of attraction
 s - a potion of magic
 t - a potion of lignification {unknown}
 C - a potion of might


   Skills:
 + Level 7.3 Fighting
 - Level 16.0 Axes
 + Level 6.7 Armour
 + Level 6.7 Shields
 + Level 6.8 Invocations


You had 10 spell levels left.
You didn't know any spells.
Your spell library contained the following spells:

 Spells                   Type           Power      Damage    Failure   Level
 Magic Dart               Conj           0%         1d3       100%        1
 Summon Small Mammal      Summ           0%         N/A       100%        1
 Call Imp                 Summ           0%         N/A       100%        2
 Sublimation of Blood     Necr           0%         N/A       100%        2
 Call Canine Familiar     Summ           0%         N/A       100%        3
 Mephitic Cloud           Conj/Pois/Air  0%         N/A       100%        3
 Ozocubu's Armour         Ice            0%         N/A       100%        3
 Summon Guardian Golem    Hex/Summ       0%         N/A       100%        3
 Animate Dead             Necr           0%         N/A       100%        4
 Petrify                  Tmut/Erth      0%         N/A       100%        4
 Irradiate                Conj/Tmut      0%         3d11      100%        5
 Metabolic Englaciation   Hex/Ice        0%         N/A       100%        5
 Simulacrum               Ice/Necr       0%         N/A       100%        6
 Haunt                    Necr/Summ      0%         N/A       100%        7
 Infestation              Necr           0%         N/A       100%        8


Dungeon Overview and Level Annotations

Branches:
Dungeon (9/15)             Temple (1/1) D:4
   Lair: D:8-11         Orc: D:9-12

Altars:
Ashenzari
Cheibriados
Dithmenos
Elyvilon
Fedhas
Gozag
Hepliaklqana
Kikubaaqudgha
Nemelex Xobeh
Okawaru
Qazlal
Ru
Sif Muna
Trog
Uskayaw
Vehumet
Wu Jian
Xom
Yredelemnul
Zin

Shops:
D:2 *   D:3 [   D:4 **   D:8 [?

Annotations:
D:6 2 transporters, Leavold's ghost, novice DEHu


Message History

You are too injured to fight recklessly!
You are too injured to fight recklessly!
You are too injured to fight recklessly!
You are too injured to fight recklessly!
You are too injured to fight recklessly!
You are too injured to fight recklessly!
You are too injured to fight recklessly!
You are too injured to fight recklessly!
You are too injured to fight recklessly!
You are too injured to fight recklessly!
You are too injured to fight recklessly!
You hit the kobold brigand.
The kobold brigand is moderately wounded.
You hit the soul eater but do no damage.
You hit the rust devil but do no damage.
You hit the ufetubus. You slice the kobold demonologist!!
You kill the kobold demonologist!
Dithmenos accepts your kill.
The soul eater disappears in a puff of smoke!
The shadow imp disappears in a puff of smoke!
The ufetubus disappears in a puff of smoke!
The ynoxinul disappears in a puff of smoke!
The ufetubus disappears in a puff of smoke! x4
The quasit disappears in a puff of smoke!
The rust devil disappears in a puff of smoke!
You feel yourself speed up.
The kobold brigand hits you with a +0 short sword!
* * * LOW HITPOINT WARNING * * *
The gnoll sergeant hits you from afar with a +0 trident.
* * * LOW HITPOINT WARNING * * *
The kobold brigand hits you with a +0 short sword.
* * * LOW HITPOINT WARNING * * *
The gnoll sergeant hits you from afar with a +0 trident!
* * * LOW HITPOINT WARNING * * *
You have reached level 11!
You feel better.
The kobold brigand hits you with a +0 short sword!
* * * LOW HITPOINT WARNING * * *
The gnoll sergeant throws a stone.
The stone hits you!
You die...

#.###.....#††.....#.#
..#
#####.....###.#.#####
#.# ###.#.......(...#
#'## #.#####.#####.#
...# #># #.# ...# ###
###.#####.# ...#
######.........# ...#
#.....§#########
#########......§@)g.....
#.............§#K§§.....
..................§§....
#.#######......§§.......
#.# #......§...§.... #.#
#............... #.###
#............... ....#
###'#....##### #.#.#


You could see a kobold brigand and a gnoll sergeant.

Vanquished Creatures
  3 kobold demonologists (D:9)
  2 trolls (D:9)
  A hornet (D:8)
  10 yaks (D:9)
  2 steam dragons
  Menkaure (D:7)
  Edmund (D:4)
  6 water moccasins
  Duvessa (D:4)
  A black bear (D:6)
  A sky beast (D:5)
  An orc warrior (D:6)
  3 centaurs
  An ogre (D:6)
  A phantom (D:6)
  A kobold brigand (D:7)
  A scorpion (D:6)
  8 wights
  Dowan (D:4)
  9 killer bees (D:9)
  3 hounds
  2 jellies
  4 orc priests
  4 sleepcaps
  Jessica (D:2)
  An iguana (D:7)
  2 orc wizards
  Robin (D:2)
  9 gnolls
  16 adders
  4 white imps
  2 worms
  3 dart slugs
  22 orcs
  4 ball pythons
  5 endoplasms
  A giant cockroach (D:3)
  12 goblins
  9 hobgoblins
  7 jackals
  12 kobolds
  A quokka (D:3)
  6 bats
  6 frilled lizards
  5 rats
  A spectral goblin (D:4)
198 creatures vanquished.

Notes
Turn   | Place    | Note
-------+----------+-------------------------------------------
     0 | D:1      | CowFu the Hill Orc Fighter began the quest for the Orb.
     0 | D:1      | Reached XP level 1. HP: 19/19 MP: 1/1
    92 | D:1      | Reached skill level 3 in Axes
   150 | D:1      | Reached XP level 2. HP: 26/26 MP: 2/2
   541 | D:1      | Reached skill level 4 in Axes
   989 | D:2      | Reached XP level 3. HP: 30/31 MP: 3/3
  1101 | D:2      | Reached skill level 5 in Axes
  1225 | D:2      | Noticed Robin
  1228 | D:2      | Reached XP level 4. HP: 39/39 MP: 4/4
  1237 | D:2      | Killed Robin
  1238 | D:2      | Reached skill level 6 in Axes
  1341 | D:2      | Found Huangit's Assorted Antiques.
  1351 | D:2      | Bought a brown potion for 18 gold pieces
  1351 | D:2      | Bought a metallic pink potion for 18 gold pieces
  1540 | D:2      | Reached XP level 5. HP: 27/45 MP: 5/5
  1665 | D:2      | Noticed Jessica
  1670 | D:2      | Killed Jessica
  1671 | D:2      | Reached skill level 7 in Axes
  1820 | D:3      | Found Zyujonok's Antique Armour Emporium.
  2216 | D:4      | Found Vewnuibu's General Store.
  2292 | D:4      | Reached skill level 8 in Axes
  2292 | D:4      | Reached XP level 6. HP: 49/51 MP: 6/6
  2519 | D:4      | Found a staircase to the Ecumenical Temple.
  2566 | Temple   | Entered the Ecumenical Temple
  2664 | Temple   | Became a worshipper of Dithmenos the Shadowed
  2864 | D:4      | Noticed Duvessa
  2864 | D:4      | Noticed Dowan
  2876 | D:4      | Killed Duvessa
  2877 | D:4      | Reached skill level 9 in Axes
  2884 | D:4      | Killed Dowan
  3053 | D:4      | Found a hazy altar of Hepliaklqana.
  3059 | D:4      | Reached XP level 7. HP: 57/57 MP: 7/7
  3067 | D:4      | Noticed Edmund
  3081 | D:4      | Killed Edmund
  3082 | D:4      | Reached skill level 10 in Axes
  3276 | D:4      | Found Taegg's Serpentskin Sales.
  3525 | D:5      | Entered Level 5 of the Dungeon
  3563 | D:5      | Reached skill level 11 in Axes
  3825 | D:5      | Reached * piety under Dithmenos
  3909 | D:5      | Reached XP level 8. HP: 62/64 MP: 8/8
  4147 | D:6      | Reached skill level 12 in Axes
  4204 | D:6      | Found a transporter.
  4204 | D:6      | Found a transporter.
  4207 | D:6      | Noticed Leavold's ghost (novice DEHu)
  4667 | D:6      | Reached skill level 13 in Axes
  4952 | D:6      | Reached skill level 14 in Axes
  5035 | D:6      | Reached XP level 9. HP: 64/70 MP: 9/9
  5375 | D:7      | You fall into a shaft and drop 1 floor!
  5409 | D:8      | Reached skill level 15 in Axes
  5428 | D:8      | Noticed a +0 dagger
  5428 | D:8      | Noticed a +0 hand axe
  5431 | D:8      | Found a hide-covered altar of Uskayaw.
  5458 | D:8      | Found Igekoihu's Armour Shop.
  5817 | D:8      | Found Negranitt's Magic Scroll Shop.
  6130 | D:8      | Noticed a hornet
  6137 | D:8      | Killed a hornet
  6138 | D:8      | Reached skill level 16 in Axes
  6505 | D:7      | Reached skill level 1 in Invocations
  6508 | D:7      | Reached ** piety under Dithmenos
  6938 | D:7      | Noticed Menkaure
  6949 | D:7      | Killed Menkaure
  7507 | D:7      | Reached skill level 5 in Fighting
  7507 | D:7      | Reached XP level 10. HP: 56/81 MP: 12/12
  7871 | D:9      | Reached skill level 5 in Shields
  8125 | D:9      | Reached skill level 5 in Armour
  8137 | D:9      | Reached skill level 5 in Invocations
  8139 | D:9      | Identified a scroll of acquirement
  8139 | D:9      | Acquired the +2 pair of gloves of the Snail {Slay+2}
  8843 | D:9      | Noticed a kobold demonologist
  8844 | D:9      | Noticed a kobold demonologist
  8845 | D:9      | Noticed a kobold demonologist
  8850 | D:9      | Noticed a soul eater
  8851 | D:9      | Noticed a sun demon
  8855 | D:9      | Noticed a rust devil
  8855 | D:9      | Killed a kobold demonologist
  8856 | D:9      | Killed a kobold demonologist
  8861 | D:9      | Killed a kobold demonologist
  8861 | D:9      | HP: 4/86 [gnoll sergeant/+0 trident (9)]
  8862 | D:9      | Reached XP level 11. HP: 4/92 MP: 14/16
  8862 | D:9      | Hit by a stone thrown by a gnoll sergeant

Illustrated notes

Levels and vault maps discovered:
D:1:      denvon_arrival_planthouse, layout_basic
D:2:      layout_rooms, serial_shops, nicolae_shop_getting_attention,
          nicolae_elevator_lobby_asterisk, uniq_jessica, uniq_robin
D:3:      layout_rooms, serial_shops, nicolae_shop_advertising_works
          [nicolae_subvault_shop_adworks]
D:4:      layout_loops_corners, nicolae_hepliaklqana_monster_ancestors,
          minmay_temple_entry_large_hall, serial_shops, nicolae_square_shop,
          guppyfry_shop_venom, uniq_duvessa, uniq_edmund
D:5:      layout_rooms, mrwooster_statue_mirror
D:6:      layout_loops_ring, gammafunk_ghost_hive, nicolae_half_adder
D:7:      minmay_chambers_of_fours, layout_loops_ring, hellmonk_no_cap,
          uniq_menkaure
D:8:      layout_loops_corners, dancing_weapons_uskayaw, serial_shops,
          nicolae_take_the_stairs, shop
D:9:      layout_basic
Temple:   hc_temple_tempest_star

Skill      XL: |  1  2  3  4  5  6  7  8  9 10 |
---------------+-------------------------------+-----
Axes           | 3 4 5 6 8 9 11 14 16 | 16.0
Invocations    | 3 6 |  6.8
Fighting       | 5 7 |  7.3
Armour         | 4 6 |  6.7
Shields        | 4 6 |  6.7

Action                     |  1- 3 |  4- 6 |  7- 9 | 10-12 || total
---------------------------+-------+-------+-------+-------++-------
  Melee: War axe           |    99 |   143 |   303 |    96 ||   641
    Use: Potion            |     1 |       |     1 |     3 ||     5
         Scroll            |       |       |    18 |     3 ||    21
 Armour: Scale mail        |    51 |    12 |       |       ||    63
         Plate armour      |       |    98 |   142 |   125 ||   365
  Dodge: Dodged            |    46 |    36 |    61 |    50 ||   193
  Block: Buckler           |    23 |    14 |       |       ||    37
         Kite shield       |       |    35 |   101 |    81 ||   217

Table legend: (Time is in decaauts)
 A = Elapsed time spent in this place.
 B = Non-inter-level travel time spent in this place.
 C = Inter-level travel time spent in this place.
 D = Time resting spent in this place.
 E = Time spent auto-exploring this place.
 F = Levels seen in this place.
 G = Mean time per level.
                   A        B        C        D        E       F      G
               +--------+--------+--------+--------+--------+-----+--------+
         Total |   8937 |   8719 |    218 |      0 |   7285 |  10 |  893.7 |
       Dungeon |   8824 |   8620 |    204 |      0 |   7207 |   9 |  980.4 |
        Temple |    113 |     99 |     14 |      0 |     78 |   1 |  113.0 |
               +--------+--------+--------+--------+--------+-----+--------+

Top non-repeatable levels by time:
     D:7: 1300 daAuts
     D:6: 1234 daAuts
     D:4: 1234 daAuts
     D:8: 1118 daAuts
     D:9: 1082 daAuts
     D:1: 990 daAuts
     D:2: 804 daAuts
     D:5: 615 daAuts
     D:3: 444 daAuts
  Temple: 113 daAuts
